 Dungeon Crawl Stone Soup version 0.29.1-12-g30fa7ad0bf (webtiles) character file.

Game seed: 10468534997509931482

42 RapScallion the Shield-Bearer (level 3, -1/29 HPs)
             Began as a Human Fighter on Jan 15, 2023.
             Slain by an orc priest
             ... wielding a +0 club
              (5 damage)
             ... on level 2 of the Dungeon.
             The game lasted 00:04:08 (1257 turns).

RapScallion the Shield-Bearer (Human Fighter)       Turns: 1257, Time: 00:04:09

Health: -1/29      AC:  6    Str: 16    XL:     3   Next: 77%
Magic:  3/3        EV:  8    Int:  8    God:
Gold:   71         SH:  5    Dex: 14    Spells: 2/2 levels left

rFire   . . .      SeeInvis .   a - +0 long sword
rCold   . . .      Faith    .   c - +0 buckler
rNeg    . . .      Spirit   .   b - +0 scale mail
rPois   .          Reflect  .   (no helmet)
rElec   .          Harm     .   (no cloak)
rCorr   .          Rampage  .   (no gloves)
Will    .....                   (no boots)
Stlth   ..........              (no amulet)
HPRegen 0.09/turn               (no ring)
MPRegen 0.08/turn               (no ring)

@: no status effects
A: no striking features
a: no special abilities


You were on level 2 of the Dungeon.
You visited 1 branch of the dungeon, and saw 2 of its levels.

You collected 71 gold pieces.

Inventory:

Hand Weapons
 a - a +0 long sword (weapon)
Missiles
 g - 2 datura-tipped darts (quivered)
 h - 5 poisoned darts
Armour
 b - a +0 scale mail (worn)
 c - a +0 buckler (worn)
Jewellery
 j - a ring of wizardry
Scrolls
 e - 4 scrolls of identify {unknown}
 f - a scroll of teleportation {unknown}
 i - a scroll of noise {unknown}
 k - 2 scrolls of immolation {unknown}
Potions
 d - a potion of might


   Skills:
 + Level 3.2 Fighting
 + Level 2.7 Long Blades
 + Level 3.1 Armour
 + Level 0.1 Dodging
 + Level 3.6 Shields


You had 2 spell levels left.
You didn't know any spells.
Your spell library contained the following spells:

 Spells                   Type           Power      Damage    Failure   Level
 Stone Arrow              Conj/Erth      0%         3d7       99%         3
 Animate Armour           Summ/Erth      0%         N/A       100%        4
 Lehudib's Crystal Spear  Conj/Erth      0%         10d2      100%        8


Dungeon Overview and Level Annotations

Branches:
Dungeon (2/15)

Altars:


Message History

An orc priest comes into view.
It is wielding a +0 dagger and wearing the ring "Fyhutiep" {*Corrode rPois rC+ Will+ Int+9}.
Found 18 gold pieces.
The orc priest shouts!
An orc priest comes into view. It is wielding a +0 club.
The orc priest shouts!
You see here 4 gold pieces.
You now have 71 gold pieces (gained 4).
The orc priest casts a cantrip, but nothing happens.
The orc priest invokes the aid of Beogh against you.
Beogh smites you!
You hear a shout!
Found a scroll labelled HAUKLUJEEH.
An orc comes into view. It is wielding a +0 dagger.
The orc priest barely misses you.
The orc priest looks encouraged for a moment.
You hit the orc priest.
The orc priest is lightly wounded.
The orc priest calls down the wrath of Beogh upon you.
Beogh smites you!
* * * LOW HITPOINT WARNING * * *
An orc comes into view. It is wielding a +0 club.
You hit the orc priest.
The orc priest is lightly wounded.
The orc priest hits you but does no damage.
The orc priest hits you with a +0 dagger.
* * * LOW HITPOINT WARNING * * *
The orc priest invokes the aid of Beogh against you.
Pain shoots through your body!
* * * LOW HITPOINT WARNING * * *
You closely miss the orc priest.
The orc priest is lightly wounded.
The orc priest hits you but does no damage.
You hit the orc priest but do no damage.
The orc priest is lightly wounded.
The orc priest hits you but does no damage.
You hit the orc priest but do no damage.
The orc priest is lightly wounded.
The orc priest begins to cast a cantrip, but forgets the words!
The orc priest hits you with a +0 club.
You die...

.....................
##..####
................##..#####..##
......................[.#.##
...............#...# #...#
##............##.######...#
$..#####..........# #.
#..o....######...#####
..##....o......#........#
..#....o@..............#
=......o..............[#
?#......######........#
#......##(...........#
#.........###........#
#.......### #........#
#........## #........#
>.........# #........#
########### #........#


You could see 2 orc priests and 2 orcs.

Vanquished Creatures
  A gnoll (D:1)
  A worm (D:2)
  A dart slug (D:1)
  An orc (D:2)
  2 endoplasms
  2 giant cockroaches (D:1)
  2 goblins
  A hobgoblin (D:1)
  A ball python (D:1)
  6 bats (D:1)
  3 frilled lizards
  5 kobolds
  A rat (D:1)
27 creatures vanquished.

Notes
Turn   | Place    | Note
-------+----------+-------------------------------------------
     0 | D:1      | RapScallion the Human Fighter began the quest for the Orb.
     0 | D:1      | Reached XP level 1. HP: 18/18 MP: 1/1
   309 | D:1      | Reached XP level 2. HP: 17/24 MP: 2/2
   432 | D:1      | Reached XP level 3. HP: 25/29 MP: 3/3
  1246 | D:2      | Identified the ring "Fyhutiep" {*Corrode rPois rC+ Will+
                  | Int+9}
  1257 | D:2      | Slain by an orc priest

Illustrated notes

Levels and vault maps discovered:
D:1:      dpeg_arrival_water_temple_mockup, layout_loops_ring
D:2:      layout_rooms, dreamdust_ecumenical_altar_hidden_monk_grotto

Action                   || total
-------------------------++-------
Melee: Long sword        ||    86
Armor: Scale mail        ||    61
Dodge: Dodged            ||    33
Block: Buckler           ||    20
